 Dungeon Crawl Stone Soup version 0.27-a0-1196-g3e9cee4cb2 (webtiles) character file.

Game seed: 17601524767237634541

66608 Strat the Fighter (level 15, -5/112 HPs)
             Began as a Human Brigand on May 28, 2021.
             Was a High Priest of Hepliaklqana.
             Slain by a fire elemental (10 damage)
             ... led by Azrael
             ... on level 2 of the Orcish Mines.
             The game lasted 01:01:42 (28624 turns).

Strat the Fighter (Human Brigand)                  Turns: 28624, Time: 01:01:42

Health: -5/112     AC: 17    Str: 16    XL:     15   Next: 62%
Magic:  0/22       EV: 17    Int: 13    God:    Hepliaklqana [*****.]
Gold:   1756       SH:  0    Dex: 21    Spells: 11/14 levels left

rFire    . . .     SeeInvis +   a - +1 short sword (elec)
rCold    . . .     Faith    .   (no shield)
rNeg     . . .     Spirit   +   L - +3 ring mail
rPois    .         Reflect  .   l - +2 helmet
rElec    .         Harm     .   c - +0 cloak
rCorr    .         Rampage  .   i - +2 pair of gloves {archery}
Will     +....                  (no boots)
Stlth    +++++.....             x - amulet of guardian spirit
HPRegen  0.28/turn              q - ring of see invisible
MPRegen  0.18/turn              y - +6 ring of dexterity

@: mighty, on berserk cooldown, slowed, very slow
A: reduced essence
a: Renounce Religion, Recall Ancestor, Ancestor Identity, Transference, Idealise


You were on level 2 of the Orcish Mines.
You worshipped Hepliaklqana.
Hepliaklqana was extremely pleased with you.
You visited 4 branches of the dungeon, and saw 21 of its levels.
You also visited: Bailey.

You collected 1756 gold pieces.

Inventory:

Hand Weapons
 a - a +1 short sword of electrocution (weapon)
 b - a +2 vorpal scimitar
 t - a +0 quick blade
 v - a +0 rapier of protection
 w - a +5 short sword
Missiles
 d - 85 poisoned darts (quivered)
 e - 11 curare-tipped darts
 g - 633 stones
 n - 29 boomerangs
 s - 2 boomerangs of dispersal
 C - 3 throwing nets
 T - 15 javelins
Armour
 c - a +0 cloak (worn)
 i - a +2 pair of gloves of archery (worn)
 l - a +2 helmet (worn)
 r - a +0 buckler
 L - a +3 ring mail (worn)
Jewellery
 k - a ring of wizardry
 q - a ring of see invisible (left hand)
 x - an amulet of guardian spirit (around neck)
 y - a +6 ring of dexterity (right hand)
 O - a ring of resist corrosion
Wands
 B - a wand of polymorph (13)
 I - a wand of paralysis (14)
 J - a wand of acid (4)
 P - a wand of flame (34)
 S - a wand of digging (1)
Scrolls
 p - 2 scrolls of fear
 D - 2 scrolls of amnesia
 E - 2 scrolls of magic mapping
 N - 4 scrolls of teleportation
Potions
 f - a potion of might
 h - 2 potions of curing
 j - a potion of haste
 m - 6 potions of lignification
 o - 4 potions of ambrosia
 z - 2 potions of brilliance
 A - 5 potions of flight
 G - a potion of magic
 H - 9 potions of degeneration
 M - 2 potions of berserk rage
Miscellaneous
 F - a condenser vane
 K - a box of beasts


   Skills:
 + Level 13.7 Fighting
 - Level 10.0 Short Blades
 - Level 10.0 Throwing
 - Level 6.0 Armour
 - Level 10.0 Dodging
 + Level 12.6 Stealth
 - Level 10.0 Invocations


You had 11 spell levels left.
You knew the following spells:

 Your Spells              Type           Power      Damage    Failure   Level
a - Corona                Hex            0%         N/A       47%         1
b - Slow                  Hex            0%         N/A       63%         2

Your spell library contained the following spells:

 Spells                   Type           Power      Damage    Failure   Level
 Animate Skeleton         Necr           0%         N/A       47%         1
 Beastly Appendage        Tmut           0%         N/A       47%         1
 Pain                     Necr           0%         1d4       47%         1
 Ensorcelled Hibernation  Hex/Ice        0%         N/A       63%         2
 Wereblood                Tmut           0%         N/A       63%         2
 Confusing Touch          Hex            0%         N/A       85%         3
 Dazzling Flash           Conj/Hex       0%         N/A       85%         3
 Inner Flame              Hex/Fire       0%         N/A       85%         3
 Portal Projectile        Hex/Tloc       0%         N/A       85%         3
 Spider Form              Tmut/Pois      0%         N/A       85%         3
 Tukima's Dance           Hex            0%         N/A       85%         3
 Vampiric Draining        Necr           0%         2d6       85%         3
 Animate Dead             Necr           0%         N/A       99%         4
 Cause Fear               Hex            0%         N/A       99%         4
 Ice Form                 Ice/Tmut       0%         N/A       99%         4
 Leda's Liquefaction      Hex/Erth       0%         N/A       99%         4
 Summon Lightning Spire   Summ/Air       0%         N/A       99%         4
 Agony                    Necr           0%         N/A       100%        5
 Bolt of Magma            Conj/Fire/Erth 0%         4d4       100%        5
 Hydra Form               Tmut           0%         N/A       100%        5
 Iskenderun's Battlesphe  Conj           0%         2d6       100%        5
 Silence                  Hex/Air        0%         N/A       100%        5
 Conjure Ball Lightning   Conj/Air       0%         3x3d6     100%        6
 Iron Shot                Conj/Erth      0%         9d1       100%        6
 Orb of Destruction       Conj           0%         N/A       100%        7
 Spellforged Servitor     Conj/Summ      0%         N/A       100%        7
 Tornado                  Air            0%         N/A       100%        9


Dungeon Overview and Level Annotations

Branches:
Dungeon (12/15)            Temple (1/1) D:6            Lair (6/6) D:11
 Shoals (0/4) Lair:4        Snake (0/4) Lair:4        Slime (0/5) Lair:6
    Orc (2/2) D:9             Elf (0/3) Orc:2        Bailey (visited)

Altars:
Ashenzari
Cheibriados
Dithmenos
Elyvilon
Fedhas
Gozag
Hepliaklqana
Kikubaaqudgha
Makhleb
Nemelex Xobeh
Okawaru
Qazlal
Ru
Sif Muna
Trog
Uskayaw
Vehumet
Wu Jian
Xom
Yredelemnul
Zin
The Shining One
Jiyva

Shops:
D:3 *   D:6 =   D:8 [   Orc:1 ![

Annotations:
D:3 2 transporters, Grinder
D:8 Psyche
Lair:4 3 runed translucent doors, Beilucy's ghost, journeyman FoFi
Lair:5 3 runed translucent doors, robertstho's ghost, journeyman DjFE


Message History

The fire elemental closely misses you.
An ogre comes into view. It is wielding a +0 giant spiked club.
The hell hound bites the fire elemental!
You hit the fire elemental.
The fire elemental is almost destroyed.
The fire elemental barely misses you. The fire elemental misses you.
You puncture the fire elemental!
You destroy the fire elemental!
The fire elemental misses you.
The fire elemental completely misses you.
Ntombi hits the fire elemental with a +0 dagger of draining.
You closely miss the hell hound. The fire elemental misses you.
The hell hound closely misses you.
Unknown command.
You hit the fire elemental.
The fire elemental is lightly damaged.
The fire elemental closely misses you. The fire elemental hits you.
The fire elemental burns you!
* * * LOW MAGIC WARNING * * *;
* * * LOW HITPOINT WARNING * * *
Ntombi hits the fire elemental with a +0 dagger of draining.
You hit the fire elemental.
The fire elemental is moderately damaged.
The fire elemental hits you. The fire elemental burns you!
* * * LOW MAGIC WARNING * * *;
* * * LOW HITPOINT WARNING * * *
The hell hound completely misses you.
You puncture the fire elemental!
The fire elemental is severely damaged.
You are no longer berserk.
You are exhausted.
You feel yourself slow down. The fire elemental barely misses you.
The fire elemental misses you.
You puncture the fire elemental!
The fire elemental is almost destroyed.
The hell hound closely misses you.
The hell hound bites the fire elemental.
The fire elemental misses you.
Ntombi hits the fire elemental with a +0 dagger of draining!
The fire elemental hits you. The fire elemental burns you!
* * * LOW MAGIC WARNING * * *
You die...

....$.°○°...#
..............# ..
..^............## #.. ##
................#...#.#..#
............)....#...#.#..
...........).)...#....... #
.................###...###.
........hREh.......#####...
.........E@E...............
......O................#...
...........................
...................[.......
.................).........
..................[[.......
...........................
.................).........
...........................


You could see the friendly Ntombi the hexer, 3 fire elementals, 2 hell hounds
and an ogre.

Vanquished Creatures
  Gastronok (Orc:1)
  Azrael (Orc:2)
  A fire dragon (Lair:6)
  6 hydras
  An ogre mage (Orc:1)
  2 two-headed ogres (Orc:2)
  5 death yaks (Lair:6)
  An orc high priest (Orc:1)
  Urug (Lair:4)
  A lindwurm (Lair:6)
  An orc sorcerer (Orc:1)
  2 manticores
  An ugly thing (D:10)
  16 elephants
  Maurice (D:9)
  7 black mambas
  A molten gargoyle (Lair:6)
  A gargoyle (D:10)
  2 rime drakes
  7 cane toads
  A kobold demonologist (D:11)
  2 unseen horrors
  14 komodo dragons
  A polar bear (Lair:5)
  3 hornets
  6 trolls
  10 blink frogs
  3 dream sheep (Lair:6)
  A meliai zombie (D:11)
  4 wraiths (D:7)
  A shadow (D:10)
  A wyvern (D:11)
  52 yaks
  3 water elementals (D:11)
  8 basilisks
  A fire elemental (Orc:2)
  A steam dragon (D:9)
  2 wargs (Orc:1)
  3 nagas (Lair:4)
  13 water moccasins
  7 hell hounds
  Duvessa (D:4)
  11 orc warriors
  A swamp drake (D:11)
  An ice beast (D:6)
  A necrophage (D:7)
  A black bear (D:6)
  5 ogres
  A phantom (D:5)
  8 wolves
  6 bullfrogs
  2 kobold brigands
  A wyvern zombie (D:7)
  Dowan (D:4)
  3 killer bees (D:9)
  7 wights
  A howler monkey (D:5)
  5 lava snakes (Lair:6)
  2 centaur zombies (D:7)
  2 bullfrog zombies
  2 gnoll shamans
  7 orc priests
  A bullfrog skeleton (D:4)
  A human zombie (D:7)
  A jelly (D:4)
  4 hounds
  4 iguanas
  16 orc wizards
  4 hell rats (Lair:1)
  2 killer bee zombies
  A hound skeleton (D:4)
  2 howler monkey zombies (D:9)
  3 mummies (D:7)
  11 gnolls
  8 river rats (Lair:1)
  An adder (D:4)
  A white imp (D:5)
  An ufetubus (D:6)
  An adder skeleton (D:4)
  A worm (D:2)
  2 dart slugs
  40 orcs
  10 ball pythons
  8 bats
  4 endoplasms
  3 giant cockroaches (D:1)
  6 goblins
  9 hobgoblins
  5 jackals
  10 quokkas
  4 frilled lizards
  20 kobolds
  A quokka skeleton (D:4)
  10 rats
460 creatures vanquished.

Vanquished Creatures (collateral kills)
  A hydra (Lair:6)
  A boulder beetle (Lair:5)
  A death yak (Lair:6)
  An orc high priest (Orc:1)
  11 elephants
  A komodo dragon (Lair:6)
  A cane toad (Lair:1)
  12 blink frogs
  4 dream sheep (Lair:6)
  A water elemental (D:11)
  2 wyverns
  8 yaks
  3 basilisks
  3 water moccasins
  2 orc warriors
  2 ogres
  A wolf (Lair:3)
  A kobold brigand (D:7)
  A wight (D:10)
  A crimson imp (D:10)
  An orc priest (Orc:2)
  A hell rat (Lair:1)
  An orc wizard (Orc:1)
  2 gnolls
  2 river rats (Lair:1)
  8 orcs
  4 kobolds
  A quokka (Lair:1)
  3 rats (Lair:1)
81 creatures vanquished.

Vanquished Creatures (others)
  A molten gargoyle (Lair:6)
  5 ancestors
  12 hexers
  An orc wizard (D:8)
  An orc (D:5)
  A quokka (D:5)
  3 bushes (Lair:6)
  43 fungi
  43 plants
110 creatures vanquished.

Grand Total: 651 creatures vanquished

Notes
Turn   | Place    | Note
-------+----------+-------------------------------------------
     0 | D:1      | Strat the Human Brigand began the quest for the Orb.
     0 | D:1      | Reached XP level 1. HP: 16/16 MP: 1/1
   174 | D:1      | Reached XP level 2. HP: 20/22 MP: 2/2
   611 | D:1      | Reached XP level 3. HP: 23/27 MP: 3/3
   968 | D:1      | Found a faded altar of an unknown god.
  1436 | D:2      | Reached XP level 4. HP: 34/34 MP: 4/4
  1915 | D:3      | Found a sacrificial altar of Ru.
  1915 | D:3      | Found a transporter.
  1972 | D:3      | Found Tiasithru's Assorted Antiques.
  1995 | D:3      | Noticed Grinder
  2592 | D:3      | Reached skill level 3 in Fighting
  2678 | D:3      | Reached XP level 5. HP: 34/41 MP: 5/5
  2727 | D:3      | Found an opulent altar of Gozag.
  2728 | D:3      | Found a basalt altar of Yredelemnul.
  2745 | D:3      | Found a transporter.
  2845 | D:3      | Paralysed by Grinder for 4 turns
  3141 | D:4      | Learned a level 1 spell: Corona
  3144 | D:4      | Learned a level 2 spell: Slow
  3215 | D:4      | Reached XP level 6. HP: 47/47 MP: 6/6
  3268 | D:4      | Noticed Duvessa
  3347 | D:4      | Noticed an ogre
  3350 | D:4      | Killed an ogre
  3578 | D:4      | Killed Duvessa
  3579 | D:4      | Reached skill level 4 in Fighting
  3579 | D:4      | Reached XP level 7. HP: 54/54 MP: 7/7
  3589 | D:4      | Noticed Dowan
  3612 | D:4      | Killed Dowan
  4112 | D:5      | Entered Level 5 of the Dungeon
  4938 | D:5      | Reached skill level 5 in Short Blades
  4945 | D:5      | Reached skill level 5 in Fighting
  4945 | D:5      | Reached XP level 8. HP: 57/62 MP: 6/8
  4971 | D:5      | Found a white marble altar of Elyvilon.
  5274 | D:5      | Reached skill level 1 in Armour
  5457 | D:6      | Noticed a two-headed ogre
  5528 | D:6      | Found Guallitsomm's Jewellery Shoppe.
  5891 | D:6      | Found a staircase to the Ecumenical Temple.
  5898 | Temple   | Entered the Ecumenical Temple
  5972 | Temple   | Became a worshipper of Hepliaklqana the Forgotten
  6366 | D:6      | Reached skill level 6 in Fighting
  6660 | D:8      | Reached XP level 9. HP: 29/69 MP: 9/9
  6660 | D:8      | Noticed Psyche
  6663 | D:8      | Noticed a hornet
  6663 | D:8      | Noticed a hornet
  6816 | D:8      | Paralysed by a hornet for 1 turns
  6819 | D:8      | Killed a hornet
  6827 | D:8      | HP: 3/71 [poisoned by a hornet]
  7211 | D:7      | Found a stormy altar of Qazlal.
  7324 | D:7      | Found an ancient bone altar of Kikubaaqudgha.
  7396 | D:7      | Reached skill level 7 in Fighting
  7453 | D:7      | Reached skill level 5 in Armour
  7501 | D:7      | Found the +5 scythe "Finisher" {speed, eviscerate}
  7564 | D:7      | Reached * piety under Hepliaklqana
  7879 | D:7      | Reached XP level 10. HP: 67/72 MP: 10/10
  8083 | D:8      | Found a shadowy altar of Dithmenos.
  8165 | D:7      | Paralysed by a hornet for 1 turns
  8168 | D:7      | Reached skill level 8 in Fighting
  8458 | D:8      | Found Cheibriados's Comfort Zone.
  8459 | D:8      | Found a snail-covered altar of Cheibriados.
  9068 | D:9      | Reached skill level 5 in Stealth
  9796 | D:9      | Noticed Maurice
  9803 | D:9      | Noticed a two-headed ogre
  9823 | D:9      | Reached ** piety under Hepliaklqana
  9828 | D:10     | Entered Level 10 of the Dungeon
  9995 | D:10     | Found a shimmering altar of Xom.
 10022 | D:10     | Found a burning altar of Makhleb.
 10022 | D:10     | Found a radiant altar of Vehumet.
 10191 | D:10     | Noticed a gargoyle
 10223 | D:10     | Noticed a white ugly thing
 10225 | D:10     | Killed a gargoyle
 10667 | D:9      | Reached skill level 9 in Fighting
 10676 | D:9      | Reached XP level 11. HP: 52/80 MP: 7/11
 10884 | D:9      | Found a staircase to the Orcish Mines.
 10981 | D:9      | Paralysed by a hornet for 2 turns
 10992 | D:9      | Reached skill level 10 in Short Blades
 11365 | D:9      | Killed Maurice
 11562 | D:10     | Remembered your ancestor Ntombi as a hexer
 11760 | D:10     | Killed a white ugly thing
 11761 | D:10     | Reached skill level 5 in Dodging
 12302 | D:10     | Reached skill level 10 in Fighting
 12594 | D:11     | Found a flagged portal.
 12624 | Bailey   | Entered a bailey
 12968 | D:11     | Noticed a manticore
 12985 | D:11     | Killed a manticore
 13393 | D:11     | Found a staircase to the Lair.
 14019 | D:12     | Noticed a manticore
 14026 | D:12     | Killed a manticore
 14104 | D:12     | Reached *** piety under Hepliaklqana
 14172 | D:12     | Noticed an eight-headed hydra
 14385 | Lair:1   | Entered Level 1 of the Lair of Beasts
 14401 | Lair:1   | Reached skill level 1 in Invocations
 14401 | Lair:1   | Reached XP level 12. HP: 87/87 MP: 12/12
 16004 | Lair:2   | Found a white marble altar of Elyvilon.
 16016 | Lair:2   | Noticed a seven-headed hydra
 16281 | Lair:2   | Noticed a five-headed hydra
 16291 | Lair:2   | Killed a five-headed hydra
 16292 | Lair:2   | Reached skill level 10 in Stealth
 16292 | Lair:2   | Reached skill level 5 in Invocations
 16470 | Lair:2   | Reached **** piety under Hepliaklqana
 16740 | Lair:2   | Killed a seven-headed hydra
 17263 | Lair:3   | Noticed a six-headed hydra
 17281 | Lair:3   | Identified the +8 hand axe "Newtbane" {holy, rElec rF-
                  | Str+3}
 17498 | Lair:3   | Reached XP level 13. HP: 92/92 MP: 17/17
 17968 | Lair:3   | Killed a six-headed hydra
 18389 | Lair:4   | Reached skill level 5 in Throwing
 18408 | Lair:4   | Reached skill level 10 in Dodging
 18583 | Lair:4   | Found a staircase to the Snake Pit.
 18694 | Lair:4   | Noticed Urug
 18714 | Lair:4   | Killed Urug
 18990 | Lair:4   | Found a runed translucent gate.
 18990 | Lair:4   | Found a runed translucent gate.
 18990 | Lair:4   | Found a runed translucent gate.
 18990 | Lair:4   | Noticed a nine-headed hydra
 18990 | Lair:4   | Noticed a 14-headed hydra
 18991 | Lair:4   | Noticed a 13-headed hydra
 18991 | Lair:4   | Noticed Beilucy's ghost (journeyman FoFi)
 19250 | Lair:4   | Reached skill level 11 in Fighting
 19586 | Lair:4   | Found a staircase to the Shoals.
 20180 | Lair:5   | Noticed a seven-headed hydra
 20184 | Lair:5   | Killed a seven-headed hydra
 20215 | Lair:5   | Noticed a boulder beetle
 20252 | Lair:5   | Killed a boulder beetle
 20277 | Lair:5   | Noticed a four-headed hydra
 20527 | Lair:5   | Reached ***** piety under Hepliaklqana
 20760 | Lair:5   | Reached XP level 14. HP: 88/101 MP: 18/20
 21233 | Lair:5   | Noticed robertstho's ghost (journeyman DjFE)
 22183 | Lair:5   | Found a runed translucent gate.
 22183 | Lair:5   | Found a runed translucent gate.
 22183 | Lair:5   | Found a runed translucent gate.
 22232 | Lair:5   | Reached skill level 12 in Fighting
 22599 | Lair:6   | Entered Level 6 of the Lair of Beasts
 22604 | Lair:6   | Reached skill level 10 in Invocations
 23128 | Lair:6   | Found a viscous altar of Jiyva.
 23128 | Lair:6   | Found a staircase to the Slime Pits.
 24564 | Lair:6   | Reached XP level 15. HP: 95/109 MP: 19/22
 25441 | Lair:6   | Reached skill level 13 in Fighting
 25446 | Lair:6   | Found a large runed translucent door.
 25447 | Lair:6   | Found a large runed translucent door.
 25956 | Orc:1    | Entered Level 1 of the Orcish Mines
 25993 | Orc:1    | Reached skill level 10 in Throwing
 26631 | Orc:1    | Noticed Gastronok
 27036 | Orc:1    | Killed Gastronok
 27149 | Orc:1    | You fall into a shaft and drop 1 floor!
 27149 | Orc:2    | Entered Level 2 of the Orcish Mines
 27432 | Orc:2    | Found a staircase to the Elven Halls.
 27558 | Orc:1    | Found Taysih's Antique Armour Boutique.
 27561 | Orc:1    | Found Ylacion's Distillery.
 28283 | Orc:1    | Found a burning altar of Makhleb.
 28590 | Orc:2    | Noticed Azrael
 28602 | Orc:2    | Killed Azrael
 28622 | Orc:2    | HP: 8/168 [fire elemental[Azrael] (4)]
 28624 | Orc:2    | Slain by a fire elemental

Illustrated notes

Levels and vault maps discovered:
D:1:      kennysheep_arrival_forest, layout_basic,
          hellmonk_ecumenical_altar_leap_of_faith
D:2:      layout_loops_ring, kennysheep_generic_room_6
D:3:      layout_rooms, gammafunk_temple_overflow_arena, serial_shops, shop,
          uniq_grinder
D:4:      layout_cave_pods, uniq_duvessa
D:5:      layout_basic, elyvilon_altar_4
D:6:      layout_loops_cross, minmay_temple_entry_butterflies, serial_shops,
          shop
D:7:      layout_cave_pools, kennysheep_mini,
          lemuel_mausoleum_altar_kikubaaqudgha, minmay_guarded_unrand_finisher
D:8:      layout_basic, amcnicky_altar_gilded, minmay_shop_chei,
          grunt_decor_mini_mirrors, uniq_psyche
D:9:      layout_loops_corners, orc_0_dummy, uniq_maurice
D:10:     layout_big_octagon, grunt_temple_overflow_lords_of_destruction,
          lemuel_crystal_altar
D:11:     layout_roguey, erik_lair_dragon, enter_bailey_7,
          nicolae_underground_beach
D:12:     layout_rooms, ashenzari_conservatory_becter
Temple:   minmay_temple_bridge_abc
Lair:1:   lemuel_ratsnest, layout_hall_layers, infiniplex_staircase_pool_2
Lair:2:   layout_loops_ring, basic_altar, grunt_megastairs_4
Lair:3:   layout_cave_pods, grunt_forest_stairs_basic, lemuel_fruit_fields
Lair:4:   layout_hall_layers, shoals_dummy_entry, guppyfry_snake_entry_garden,
          gammafunk_ghost_hydra_chop, grunt_megastairs_3, uniq_urug
Lair:5:   layout_regular_city, gammafunk_ghost_split, lemuel_fruit_fields,
          serial_bayou_shore_b, grunt_megastairs_2
Lair:6:   cheibrodos_lair_end_hotspot, layout_loops_ring, slime_altar_1
Orc:1:    layout_caves, basic_altar, nicolae_orc_rockfall,
          nicolae_orc_flooded_monolith, guppyfry_orc_lava_fort, uniq_gastronok
Orc:2:    st_orc_ogre_mass, layout_diamond_mine, gammafunk_ghost_stat_death,
          nicolae_orc_bridge_out, uniq_azrael

Skill      XL: |  1  2  3  4  5  6  7  8  9 10 11 12 13 14 15 |
---------------+----------------------------------------------+-----
Dodging        | 2 3 4 7 9 10 | 10.0
Short Blades   | 3 4 5 6 7 9 10 | 10.0
Fighting       | 3 4 5 6 7 9 10 11 12 13 | 13.7
Armour         | 3 5 6 |  6.0
Stealth        | 5 8 10 11 12 | 12.6
Invocations    | 1 6 8 10 | 10.0
Throwing       | 3 7 9 10 | 10.0

Action                   |  1- 3 |  4- 6 |  7- 9 | 10-12 | 13-15 || total
-------------------------+-------+-------+-------+-------+-------++-------
Melee: Dagger            |   117 |   142 |   179 |       |       ||   438
       Short sword       |       |       |    82 |   662 |  1200 ||  1944
Throw: Dart              |     5 |     4 |     3 |     5 |       ||    17
       Throwing net      |       |       |       |     3 |       ||     3
Invok: Ancestor Identity |       |       |       |     1 |       ||     1
       Ancestor Life: He |       |       |       |     1 |       ||     1
       Recall Ancestor   |       |       |       |     1 |     3 ||     4
Evoke: Wand              |       |       |       |    19 |    15 ||    34
       Condenser vane    |       |       |       |       |     1 ||     1
  Use: Potion            |       |     1 |     4 |     4 |    16 ||    25
       Scroll            |       |     6 |     7 |    12 |     5 ||    30
 Stab: Sleeping          |     9 |     4 |    12 |    11 |    14 ||    50
       Distracted        |       |     1 |     1 |     4 |    19 ||    25
       Held in net/web   |       |       |       |     2 |       ||     2
       Confused          |       |       |       |     8 |    14 ||    22
       Paralysed         |       |       |       |     1 |    14 ||    15
       Invisible         |       |       |       |       |    12 ||    12
Armor: Robe              |    50 |    38 |       |       |       ||    88
       Ring mail         |       |    16 |    95 |   207 |   311 ||   629
Dodge: Dodged            |    98 |    75 |   120 |   341 |   651 ||  1285

Table legend: (Time is in decaauts)
 A = Elapsed time spent in this place.
 B = Non-inter-level travel time spent in this place.
 C = Inter-level travel time spent in this place.
 D = Time resting spent in this place.
 E = Time spent auto-exploring this place.
 F = Levels seen in this place.
 G = Mean time per level.
                   A        B        C        D        E       F      G
               +--------+--------+--------+--------+--------+-----+--------+
         Total |  27870 |  26402 |   1468 |   6994 |  13826 |  22 | 1266.8 |
       Dungeon |  14165 |  13245 |    920 |   3296 |   7051 |  12 | 1180.4 |
        Temple |     97 |     75 |     22 |      0 |     14 |   1 |   97.0 |
          Lair |  10968 |  10509 |    459 |   2862 |   5668 |   6 | 1828.0 |
  Orcish Mines |   2605 |   2540 |     65 |    835 |   1093 |   2 | 1302.5 |
        Bailey |     33 |     33 |      0 |      0 |      0 |   1 |   33.0 |
               +--------+--------+--------+--------+--------+-----+--------+

Top non-repeatable levels by time:
  Lair:6: 2906 daAuts
  Lair:4: 2727 daAuts
  Lair:1: 1976 daAuts
     D:9: 1968 daAuts
   Orc:1: 1626 daAuts
    D:10: 1621 daAuts
  Lair:5: 1601 daAuts
    D:11: 1543 daAuts
     D:8: 1476 daAuts
     D:4: 1447 daAuts
     D:2: 1413 daAuts
  Lair:3: 1006 daAuts
     D:5: 1004 daAuts
     D:7: 987 daAuts
   Orc:2: 979 daAuts
